Map: Desvio para o Azul LE

Players

bronzelghero

  • Race: Terran Terran
  • Spawn Location: 7:00

Vicster - Winner!

  • Race: Terran Terran
  • League: Gold
  • Spawn Location: 1:00

VOD

Have the link to the VOD?

Description

Time

  • Played on: Jan. 6, 2019, 3:34 p.m.
  • Length: 9:50
Show
View Real Time Build Order
Export as new Build Order

bronzelghero Terran 

Build Orders:  

Get SALT Encoding   

  12  0:01  SCV  
  13  0:19  Supply Depot  
  13  0:28  SCV  
  14  0:35  Refinery  
  14  0:40  SCV  
  15  0:44  Barracks  
  15  1:01  SCV  
  16  1:13  SCV  
  17  1:25  SCV  
  18  1:32  Supply Depot  
  18  1:37  Barracks  
  19  1:40  Marine  
  19  1:46  Orbital Command  
  19  1:51  Refinery  
  19  1:57  Barracks  
  19  2:02  Barracks Tech Lab  
  19  2:14  Engineering Bay  
  19  2:16  SCV  
  20  2:23  Marine  
  20  2:27  Barracks Reactor  
  21  2:37  Supply Depot  
  21  2:40  SCV  
  21  2:41  Marine  
  23  2:46  Stimpack  
  23  2:49  Barracks Reactor  
  23  2:53  SCV  
  24  3:01  Marine  
  25  3:13  SCV  
  25  3:15  Marine x2  
  25  3:18  Terran Infantry Weapons Level 1  
  28  3:20  Marine  
  29  3:30  Marine  
  30  3:38  Marine  
  31  3:43  Supply Depot  
  31  3:47  Marine x2  
  33  3:56  Marine  
  33  3:59  SCV  
  35  4:04  Marine x2  
  35  4:05  Supply Depot  
  37  4:13  Marine x2  
  37  4:14  Marine  
  40  4:19  SCV  
  40  4:22  Marine x2  
  43  4:27  Supply Depot  
  43  4:32  Marine  
  43  4:35  Marine x2  
  46  4:40  Marine x2  
  48  4:46  Combat Shield  
  48  4:50  Marine  
  48  4:51  Supply Depot  
  49  4:52  Marine  
  49  4:53  Marine  
  49  4:58  Marine x2  
  53  5:03  Factory  
  53  5:07  Marine  
  53  5:10  Marine x2  
  56  5:15  Marine x2  
  58  5:35  SCV  
  59  5:45  Command Center  
  59  5:47  SCV  
  60  5:50  Starport  
  60  5:52  Factory Reactor  
  60  5:53  Marine  
  61  5:59  Terran Infantry Armor Level 1  
  61  6:04  Marine  
  61  6:06  Marine  
  63  6:13  Supply Depot  
  63  6:17  Concussive Shells  
  63  6:19  Marine  
  63  6:21  Marine  
  63  6:24  SCV  
  66  6:37  Marine x2  
  66  6:39  Marine  
  69  6:41  Factory Tech Lab  
  69  6:44  Medivac  
  69  6:46  Medivac  
  73  7:02  Refinery  
  73  7:03  Orbital Command  
  73  7:05  Refinery  
  73  7:14  Medivac  
  75  7:17  Siege Tank  
  75  7:21  SCV  
  79  7:33  SCV  
  79  7:35  Supply Depot  
  78  7:45  SCV  
  78  7:46  SCV  
  80  7:57  Siege Tank  
  80  7:58  SCV, Supply Depot  
  83  8:10  SCV  
  79  8:22  SCV  
  79  8:24  Medivac  
  79  8:26  Marine x2  
  84  8:27  Marine x2  
  84  8:30  Marine  
  87  8:34  SCV x2  
  71  9:32  Marine x2  
Show
View Real Time Build Order
Export as new Build Order

Vicster Terran - Winner!

Build Orders: Mech 

Get SALT Encoding   

  12  0:01  SCV  
  13  0:13  SCV  
  14  0:17  Supply Depot  
  14  0:25  SCV  
  15  0:39  SCV  
  16  0:44  Barracks  
  16  0:51  SCV  
  17  0:57  Refinery  
  17  1:03  SCV  
  18  1:15  SCV  
  19  1:27  SCV  
  19  1:32  Marine  
  21  1:39  Orbital Command  
  21  1:49  Command Center  
  21  1:59  Factory  
  21  2:05  SCV  
  22  2:16  Barracks Tech Lab  
  22  2:17  SCV  
  22  2:21  Supply Depot  
  23  2:42  SCV  
  24  2:54  Refinery  
  24  2:55  Command Center, SCV  
  25  3:02  Siege Tank  
  25  3:03  Orbital Command  
  28  3:08  Bunker  
  27  3:21  SCV  
  28  3:30  SCV  
  28  3:33  SCV  
  30  3:41  Supply Depot  
  30  3:42  SCV  
  30  3:43  Siege Tank  
  30  3:47  SCV  
  35  3:49  Engineering Bay  
  35  3:54  SCV  
  36  3:59  SCV  
  37  4:03  Supply Depot  
  37  4:05  Factory  
  37  4:11  Orbital Command  
  37  4:14  SCV  
  38  4:19  Missile Turret  
  38  4:23  Missile Turret  
  38  4:26  SCV  
  38  4:27  SCV  
  40  4:36  Siege Tank  
  40  4:37  SCV  
  44  4:42  Refinery  
  44  4:45  Refinery  
  44  4:46  SCV  
  44  4:49  SCV  
  46  4:55  Factory  
  46  4:56  Factory Tech Lab  
  46  4:59  Factory Reactor  
  46  5:01  SCV  
  46  5:05  Armory  
  46  5:06  SCV  
  48  5:13  SCV  
  49  5:14  SCV  
  49  5:18  SCV  
  49  5:20  Siege Tank  
  54  5:26  SCV x2  
  56  5:30  SCV  
  57  5:38  Hellion x2  
  57  5:39  Factory Reactor  
  61  5:44  Missile Turret  
  61  5:48  SCV  
  63  5:50  SCV  
  63  5:52  SCV  
  67  6:00  SCV  
  67  6:01  Missile Turret  
  68  6:04  Missile Turret  
  68  6:06  Missile Turret  
  68  6:07  SCV  
  68  6:08  SCV  
  68  6:10  Hellion  
  72  6:12  SCV  
  72  6:15  Hellion x2  
  77  6:22  SCV x2  
  76  6:27  Supply Depot  
  76  6:30  Missile Turret  
  76  6:33  Supply Depot  
  76  6:35  Supply Depot  
  76  6:42  Factory x2  
  76  6:44  Factory, SCV  
  76  6:46  Terran Vehicle Weapons Level 1  
  77  6:48  Thor  
  77  6:49  SCV x2  
  77  6:51  Armory  
  77  6:52  Missile Turret  
  85  7:02  SCV  
  85  7:03  SCV  
  88  7:15  SCV  
  88  7:16  SCV  
  88  7:20  Hellion x3  
  88  7:21  Hellion  
  97  7:27  SCV, Orbital Command  
  97  7:28  SCV  
  99  7:42  Supply Depot  
  99  7:50  Command Center  
  99  7:56  Refinery x2  
  99  8:03  Thor  
  89  8:18  Factory Tech Lab x2  
  91  8:20  Hellion x4  
  97  8:31  SCV  
  98  8:35  Supply Depot  
  100  8:41  Hellion  
  98  8:58  Hellion x6  
  98  9:00  Supply Depot, Hellion  
  112  9:24  Supply Depot  
Tags
 
Composition
Mech
League
Gold
Matchup
TvT
Race
Terran
Replay Pack
Vicster replay
Spawn Locations
Cross Positions
Add a new tag
Caveats
  • Supply blocks, unpowered buildings, or Contaminate may cause inaccurate times.
  • Supply counts are checked every 10 seconds.